 Dungeon Crawl Stone Soup version 0.25-a0-699-g25a338df49 (webtiles) character file.

Game seed: 17715038300234638995, levelgen mode: deterministic

175 KiliKikkendorf the Chopper (level 5, -4/46 HPs)
             Began as a Hill Orc Fighter on Apr 2, 2020.
             Slain by a gnoll
             ... wielding a +0 halberd
              (9 damage)
             ... on level 3 of the Dungeon.
             The game lasted 00:13:34 (2974 turns).

KiliKikkendorf the Chopper (Hill Orc Fighter)       Turns: 2974, Time: 00:13:35

Health: -4/46      AC:  7    Str: 20    XL:     5   Next: 55%
Magic:  5/5        EV:  7    Int: 13    God:
Gold:   197        SH:  9    Dex: 10    Spells: 4/4 levels left

rFire    . . .     SeeInvis .   a - +0 war axe
rCold    . . .     Gourm    .   c - +0 kite shield
rNeg     . . .     Faith    .   b - +0 scale mail
rPois    .         Spirit   .   l - +0 hat
rElec    .         Reflect  .   (no cloak)
rCorr    .         Harm     .   (no gloves)
MR       .....                  (no boots)
Stlth    ..........             (no amulet)
HPRegen  0.15/turn              k - +5 ring of intelligence
MPRegen  0.09/turn              (no ring)

@: no status effects
A: no striking features
a: no special abilities


You were on level 3 of the Dungeon.
You were not hungry.

You visited 1 branch of the dungeon, and saw 3 of its levels.

You collected 197 gold pieces.

Inventory:

Hand Weapons
 a - a +0 war axe (weapon)
 r - a +2 dagger of venom
Missiles
 e - 18 bolts
 i - 7 javelins (quivered)
Armour
 b - a +0 scale mail (worn)
 c - a +0 kite shield (worn)
 l - a +0 hat (worn)
 n - a +0 buckler
Jewellery
 k - a +5 ring of intelligence (left hand)
Scrolls
 h - 2 scrolls of remove curse
 m - a scroll of blinking
 p - 2 scrolls of teleportation
 q - a scroll of fear {unknown}
 s - a scroll of immolation {unknown}
 t - 2 scrolls of enchant armour {unknown}
 u - a scroll of identify
 v - a scroll of enchant weapon {unknown}
Potions
 d - 2 potions of might
 g - a potion of haste
 j - 2 potions of lignification {unknown}
 o - a potion of heal wounds {unknown}
Comestibles
 f - 3 rations


   Skills:
 + Level 4.0 Fighting
 + Level 5.4 Axes
 + Level 3.9 Armour
 + Level 0.7 Dodging
 + Level 0.1 Stealth
 + Level 4.2 Shields


You had 4 spell levels left.
You didn't know any spells.
Your spell library was empty.

Dungeon Overview and Level Annotations

Branches:
Dungeon (3/15)

Altars:
Xom


Message History

You block the gnoll's attack. x2
Your scale mail prevents you from hitting the gnoll.
You block the gnoll's attack. x3
The gnoll hits you from afar with a +0 halberd!
Your shield and scale mail prevent you from hitting the gnoll.
The gnoll hits you from afar with a +0 halberd.
The gnoll hits you but does no damage. x2
The gnoll hits you from afar with a +0 halberd.
You block the gnoll's attack.
You slash the gnoll!
The gnoll is severely wounded.
The gnoll hits you but does no damage. You block the gnoll's attack.
The gnoll closely misses you.
The gnoll hits you from afar with a +0 halberd!
* * * LOW HITPOINT WARNING * * *
You barely miss the gnoll.
The gnoll is severely wounded.
The gnoll hits you but does no damage. You block the gnoll's attack.
The gnoll hits you from afar with a +0 halberd!
You die...

##..........######...###....#
#..........####.+...'.'....####
#..........'..#.#...###.......#
##..........##.#.#.............#
.#.#####...##....#..###........##
.................................
......####.##..#....)............
......# .....#.##.#.#.##....(##
......# # #.#@##.#)#.##(.)<###
......########.#g##.#.#..(.######
<..............ggg...............
.#....########......#.###......##
.#........ #.)...............##
.#........ #.......).........##
.#........ #...........#.....+.
.#.........###...........#.....#
.'.........'.......(..(........##


You could see 4 gnolls.

Vanquished Creatures
  An orc wizard (D:3)
  A bullfrog skeleton (D:2)
  2 adders (D:2)
  3 gnolls (D:3)
  A worm (D:2)
  A dart slug (D:1)
  5 leopard geckos
  8 orcs (D:3)
  5 goblins
  3 hobgoblins
  A quokka (D:2)
  A ball python (D:3)
  10 bats
  5 frilled lizards
  9 kobolds
  4 rats
60 creatures vanquished.

Notes
Turn   | Place    | Note
-------+----------+-------------------------------------------
     0 | D:1      | KiliKikkendorf the Hill Orc Fighter began the quest for the
                  | Orb.
     0 | D:1      | Reached XP level 1. HP: 19/19 MP: 1/1
   243 | D:1      | Reached XP level 2. HP: 23/27 MP: 2/2
  1182 | D:2      | Reached skill level 3 in Axes
  1182 | D:2      | Reached XP level 3. HP: 32/33 MP: 3/3
  1196 | D:2      | Found a shimmering altar of Xom,
  1313 | D:2      | Reached XP level 4. HP: 30/40 MP: 4/4
  1443 | D:2      | Reached skill level 4 in Axes
  2255 | D:3      | Reached XP level 5. HP: 31/46 MP: 5/5
  2758 | D:3      | Reached skill level 5 in Axes
  2974 | D:3      | Slain by a gnoll

Levels and vault maps discovered:
D:1:      dpeg_arrival_ternary, layout_basic, nrook_loot_triangle
D:2:      layout_rooms, overflow_temple_1_default
D:3:      layout_basic

Skill      XL: |  1  2  3  4  5 |
---------------+----------------+-----
Axes           | 3 4 5 |  5.4
Shields        | 4 |  4.2
Fighting       | 4 |  4.0
Armour         | |  3.9
Dodging        | |  0.7
Stealth        | |  0.1

Action                   |  1- 3 |  4- 6 || total
-------------------------+-------+-------++-------
Melee: War axe           |    93 |   104 ||   197
Throw: Javelin           |     1 |       ||     1
  Use: Scroll            |     4 |       ||     4
       Potion            |     1 |       ||     1
  Eat: Chunk             |     1 |     2 ||     3
       Ration            |       |     1 ||     1
Armor: Scale mail        |    53 |    45 ||    98
Dodge: Dodged            |    36 |    33 ||    69
Block: Kite shield       |    67 |    59 ||   126

Table legend:
 A = Non-vault XP
 B = Vault XP
 C = Vault XP percentage of total XP
 D = Non-vault monster count
 E = Vault monster count
 F = Vault count percentage of total count
                 A         B        C        D         E       F
            +---------+---------+-------+---------+---------+-------
      Total |     250 |       0 |   0.0 |      60 |       0 |   0.0
            +---------+---------+-------+---------+---------+-------
        D:1 |      15 |       0 |   0.0 |      10 |       0 |   0.0
        D:2 |      94 |       0 |   0.0 |      19 |       0 |   0.0
        D:3 |     141 |       0 |   0.0 |      31 |       0 |   0.0
            +---------+---------+-------+---------+---------+-------
